 Dungeon Crawl Stone Soup version 0.28-b1-70-g80dc712255 (webtiles) character file.

Game seed: 4045613756186866395

7 cbfl8 the Sneak (level 1, -1/15 (20) HPs)
             Began as a Minotaur Delver on Feb 4, 2022.
             Slain by a kobold (3 damage)
             ... on level 1 of the Dungeon.
             The game lasted 00:00:59 (329 turns).

cbfl8 the Sneak (Minotaur Delver)                    Turns: 329, Time: 00:00:59

HP:   -1/15 (20)    AC:  3    Str: 16    XL:     1   Next: 91%
MP:   0/0           EV: 12    Int:  7    God:
Gold: 17            SH:  0    Dex: 11    Spells: 0/0 levels left

rFire   + . .      SeeInvis .   a - +0 hand axe
rCold   + . .      Faith    .   (no shield)
rNeg    . . .      Spirit   .   b - +0 leather armour
rPois   .          Reflect  .   (helmet restricted)
rElec   .          Harm     .   h - scarf {rC+ rF+}
rCorr   .          Rampage  .   (no gloves)
Will    .....                   (no boots)
Stlth   ++........              (no amulet)
HPRegen 0.05/turn               (no ring)
MPRegen 0.07/turn               (no ring)

@: very heavily drained
A: horns 2, retaliatory headbutt
a: no special abilities


You were on level 1 of the Dungeon.
You visited 1 branch of the dungeon, and saw 5 of its levels.

You collected 17 gold pieces.

Inventory:

Hand Weapons
 a - a +0 hand axe (weapon)
Armour
 b - a +0 leather armour (worn)
 h - a scarf of resistance (worn)
Wands
 g - a wand of digging (3)
Scrolls
 c - 2 scrolls of fog
 d - a scroll of magic mapping
 i - a scroll of identify {unknown}
 j - a scroll of enchant weapon {unknown}
Potions
 f - a potion of haste


   Skills:
 + Level 3.6 Fighting
 + Level 2.4 Axes
 + Level 2.3 Dodging
 + Level 4.3 Stealth


You couldn't memorise any spells.
You didn't know any spells.
Your spell library was empty.

Dungeon Overview and Level Annotations

Branches:
Dungeon (5/15)
 Temple: D:4-7

Altars:


Innate Abilities, Weirdness & Mutations

You have a pair of horns on your head.
You reflexively headbutt those who attack you in melee.


Message History

You assume a fearsome visage.
The kobold looks frightened! x2
The hobgoblin looks frightened!
The hobgoblin cowers, then darts away.
The kobold blubbers, "Help meeeeeeee!"
The hobgoblin supplicates, "Why can't we all just get along?"
Found a dagger.
Found 13 stones.
Found a stone staircase leading up.
You start resting.
A quokka comes into view.
A quokka is nearby!
There is a stone staircase leading up here.
You climb upwards.
The kobold shouts!
You hear a shout! x2; You hear a bark!
You hear a shout!
Found 2 potions of haste.
There is a stone staircase leading down here.
A kobold is nearby!
A kobold is nearby!
A goblin comes into view. It is wielding a +0 dagger.
Found a grey potion.
The kobold barely misses you.
A jackal comes into view.
The goblin hits you with a +0 dagger.
* * * LOW HITPOINT WARNING * * *
You completely miss the kobold. Your headbutt misses the kobold.
You hit the goblin.
You kill the goblin!
The kobold hits you but does no damage.
A goblin comes into view. It is wielding a +0 club.
A kobold comes into view. It is wielding a +0 club.
The kobold hits you with a +0 dagger.
* * * LOW HITPOINT WARNING * * *
You closely miss the kobold. The kobold hits you with a +0 dagger.
* * * LOW HITPOINT WARNING * * *
You hit the kobold but do no damage. The kobold barely misses you.
You miss the kobold.
A ball python comes into view.
The kobold hits you but does no damage.
The ball python moves out of view.
You miss the kobold. Your headbutt misses the kobold.
The kobold hits you with a +0 dagger.
You die...

... ..#
....# #.#
..... #.#
......###.#
.!.#.#.#.##
. ....!...#
....#.#.#.##
......K@).>#
....#.#h#.##
. ........#
...#g#K#.##
#..........
#..........#
...........#
..........#


You could see a jackal, a goblin and 2 kobolds.

Vanquished Creatures
  A ball python (D:2)
  A bat (D:2)
  2 quokkas (D:2)
  A frilled lizard (D:3)
  A goblin (D:1)
  A rat (D:2)
7 creatures vanquished.

Notes
Turn   | Place    | Note
-------+----------+-------------------------------------------
     0 | D:5      | cbfl8 the Minotaur Delver began the quest for the Orb.
     0 | D:5      | Reached XP level 1. HP: 19/19 MP: 0/0
   158 | D:2      | Found a faded altar of an unknown god.
   329 | D:1      | Slain by a kobold

Illustrated notes

Levels and vault maps discovered:
D:1:      wander_arrival_chamber, layout_basic, st_stairs_8
D:2:      layout_rooms, basic_ecumenical_altar
D:3:      layout_loops_ring, grunt_temple_overflow_holy_war, serial_glass,
          glass_columns_c, glass_columns_c, minmay_strange_pillars,
          minmay_strange_pillars, dk_noncrumbling_3, uniq_ijyb
D:4:      layout_rooms, minitemple
D:5:      layout_loops_corners

Action                   || total
-------------------------++-------
Melee: Hand axe          ||    21
       Headbutt          ||     3
  Use: Scroll            ||     1
Armor: Leather armour    ||    11
Dodge: Dodged            ||    20
